 Dungeon Crawl Stone Soup version 0.30-a0-782-ge64f9170bb (webtiles) character file.

Game seed: 12268538212702663463

6239 Angani the Destroyer (level 10, -11/69 HPs)
             Began as a Yellow Draconian Necromancer on Feb 27, 2023.
             Was an Elder of Vehumet.
             Mangled by a komodo dragon (24 damage)
             ... on level 11 of the Dungeon on Feb 28, 2023.
             The game lasted 00:26:48 (11082 turns).

Angani the Destroyer (DrNe)                        Turns: 11082, Time: 00:26:49

Health: -11/69     AC: 12    Str: 13    XL:     10   Next: 62%
Magic:  18/22      EV: 12    Int: 19    God:    Vehumet [****..]
Gold:   775        SH:  0    Dex: 13    Spells: 6/26 levels left

rFire   . . .      SeeInvis .    q - +0 demon trident (flame)
rCold   + + +      Faith    .    A - orb {mayhem}
rNeg    + . .      Spirit   .    (body armour unavailable)
rPois   +          Reflect  .    (helmet restricted)
rElec   .          Harm     .    g - +0 cloak
rCorr   +          Rampage  .    F - +2 pair of gloves
Will    .....                    t - +0 pair of boots
Stlth   ++                       u - amulet of regeneration
HPRegen 1.11/turn                c - ring of the Quahog {+Blink rC+++ rN+ Str+3 Slay-5}
MPRegen 0.18/turn                o - ring of poison resistance

@: lethally poisoned (-11 -> -12), slowed, very slow
A: spit acid, AC +7, unfitting armour, cold-blooded, acid resistance
a: Breathe Acid, Renounce Religion, Evoke Blink


You were on level 11 of the Dungeon.
You worshipped Vehumet.
Vehumet was greatly pleased with you.
You visited 1 branch of the dungeon, and saw 11 of its levels.

You collected 775 gold pieces.

Inventory:

Hand Weapons
 q - a +0 demon trident of flaming (weapon)
Missiles
 B - 2 throwing nets
Armour
 g - a +0 cloak (worn)
 t - a +0 pair of boots (worn)
 A - an orb of mayhem (worn)
 F - a +2 pair of gloves (worn)
Jewellery
 c - the ring of the Quahog (left hand) {+Blink rC+++ rN+ Str+3 Slay-5}
   (You acquired it on level 2 of the Dungeon)

   [ring of positive energy]

   Str:       It affects your strength (+3).
   Slay:      It affects your accuracy & damage with ranged weapons and melee
   (-5).
   rC:        It renders you almost immune to cold.
   rN:        It protects you from negative energy.
   +Blink:    It lets you blink.
 o - a ring of poison resistance (right hand)
 u - an amulet of regeneration (around neck)
Wands
 h - a wand of quicksilver (6)
 m - a wand of iceblast (2)
 D - a wand of polymorph (14)
 E - a wand of flame (8)
Scrolls
 b - a scroll of enchant armour
 i - 2 scrolls of magic mapping
 k - a scroll of blinking
 r - a scroll of summoning
 s - 2 scrolls of poison
 x - 3 scrolls of teleportation
 y - 4 scrolls of fog
 G - a scroll of immolation
 H - a scroll of identify
Potions
 a - 2 potions of magic
 d - 3 potions of lignification
 e - 4 potions of curing
 f - 2 potions of flight
 j - 4 potions of heal wounds
 l - 2 potions of berserk rage
 n - 4 potions of mutation
 p - 2 potions of ambrosia
 v - 3 potions of might
 w - 2 potions of cancellation
 z - 2 potions of haste
 C - 2 potions of attraction


   Skills:
 - Level 1.7 Dodging
 - Level 1.7 Stealth
 + Level 8.6 Spellcasting
 + Level 8.8 Conjurations
 - Level 6.3 Necromancy
 - Level 5.0 Fire Magic
 - Level 7.0 Earth Magic


You had 6 spell levels left.
You knew the following spells:

 Your Spells              Type           Power      Damage    Failure   Level
a - Necrotise             Necr           100%       1d9       1%          1
b - Vampiric Draining     Necr           32%        2d8       1%          3
c - Stone Arrow           Conj/Erth      76%        3d11      1%          3
d - Animate Dead          Necr           32%        N/A       6%          4
e - Flame Wave            Conj/Fire      34%        2d10      1%          4
f - Freezing Cloud        Conj/Ice/Air   9%         6-21      17%         5

Your spell library contained the following spells:

 Spells                   Type           Power      Damage    Failure   Level
 Hailstorm                Conj/Ice       25%        3d7       1%          3
 Dazzling Flash           Conj/Hex       50%        N/A       1%          3
 Ignite Poison            Fire/Tmut/Pois 14%        N/A       3%          3
 Kindle Blastsparks       Fire/Tloc/Air  28%        2d12      3%          3
 Iskenderun's Mystic Bla  Conj/Tloc      25%        2d7       4%          4
 Summon Small Mammal      Summ           32%        N/A       9%          1
 Agony                    Necr           32%        N/A       19%         5
 Starburst                Conj/Fire      17%        6d6       19%         6
 Call Canine Familiar     Summ           8%         N/A       26%         3
 Summon Guardian Golem    Hex/Summ       8%         N/A       26%         3
 Lehudib's Crystal Spear  Conj/Erth      19%        10d6      99%         8
 Animate Armour           Summ/Erth      Unusable   N/A       N/A         4

Dungeon Overview and Level Annotations

Branches:
Dungeon (11/15)            Temple (0/1) D:6            Lair (0/5) D:9
    Orc: D:9-12

Altars:
Cheibriados
Gozag
Hepliaklqana
Kikubaaqudgha
Makhleb
Qazlal
Ru
Trog
Uskayaw
Vehumet
Wu Jian
Xom
Yredelemnul
Zin
The Shining One


Innate Abilities, Weirdness & Mutations

You can spit globs of acid.
Your golden yellow scales are hard. (AC +7)
You cannot fit into any form of body armour.
You are cold-blooded and may be slowed by cold attacks.
You are resistant to acid. (rCorr)


Message History

The kobold brigand throws a curare-tipped dart.
The curare-tipped dart hits you.
You are poisoned.
You have difficulty breathing.
You feel yourself slow down.
Unknown command.
A wave of flame ripples out!
The flame wave engulfs the komodo dragon!
The komodo dragon is heavily wounded.
The flame wave engulfs the kobold!
You kill the kobold!
Vehumet accepts your kill.
The flame wave engulfs the kobold!
You kill the kobold!
Vehumet accepts your kill.
You feel sick. The komodo dragon bites you!!
A kobold comes into view. It is wielding a +0 short sword.
The komodo dragon bites you!!
Unknown command.
A wave of flame ripples out!
The flame wave engulfs the komodo dragon.
The komodo dragon is heavily wounded.
The flame wave engulfs the purple ugly thing!!
The purple ugly thing is moderately wounded.
The flame wave engulfs the kobold!
You kill the kobold!
Vehumet accepts your kill.
You feel your power returning.
The kobold flies into a frenzy!
You feel sick.
The kobold hits the kobold brigand with a +0 dagger.
The kobold brigand throws a curare-tipped dart.
The curare-tipped dart closely misses you.
The kobold hits the kobold brigand but does no damage.
The komodo dragon hisses menacingly.
The komodo dragon bites you!
* * * LOW HITPOINT WARNING * * *
The purple ugly thing stings you but does no damage.
Unknown command.
You feel sick.
The kobold barely misses the kobold.
The kobold shouts!
The komodo dragon bites you!!
You die...

#..................#
#..................##
#..................#
#.................#
##..<....†......#
#..............##
....##......>.#.##
### ...
#.....####..## #...#
. ##.#### ##@.#......
### ##l.......
#.........
#..))......
.......K....
.......K.....
#......!.......
#..............
#..............


You could see a komodo dragon, a kobold brigand and a neutral kobold (fast,
strong, insane, distracted).

Vanquished Creatures
  A cyclops (D:10)
  2 trolls
  Grinder (D:4)
  A wyvern (D:10)
  3 yaks (D:10)
  2 shadows
  A vampire (D:10)
  An acid dragon (D:8)
  2 water moccasins (D:7)
  Duvessa (D:4)
  2 orc warriors (D:8)
  3 black bears
  A sky beast (D:7)
  5 centaurs
  An ogre (D:7)
  2 kobold brigands
  Blork the orc (D:5)
  A bullfrog (D:9)
  2 necrophages (D:6)
  5 scorpions
  4 wights (D:7)
  Dowan (D:4)
  9 killer bees
  5 howler monkeys
  A jelly (D:4)
  2 hounds
  5 orc priests
  3 iguanas
  Terence (D:3)
  Natasha (twice) (D:3)
  6 orc wizards
  Robin (D:2)
  2 gnolls (D:9)
  13 adders
  2 ufetubi
  3 worms
  4 dart slugs (D:1)
  37 orcs
  4 endoplasms
  16 giant cockroaches
  6 goblins (D:2)
  10 hobgoblins
  A quokka (D:4)
  6 ball pythons
  A bat (D:3)
  3 frilled lizards
  16 kobolds
  3 rats
205 creatures vanquished.

Vanquished Creatures (collateral kills)
  A wraith (D:10)
  An orc warrior (D:10)
  A black bear (D:6)
  A gnoll sergeant (D:9)
  An orc wizard (D:8)
  Natasha (D:3)
  2 gnolls (D:9)
  An adder (D:6)
  A dart slug (D:1)
  8 orcs
  A ball python (D:3)
  A kobold (D:6)
20 creatures vanquished.

Vanquished Creatures (others)
  A wight (D:7)
  An iguana (D:7)
  A gnoll (D:9)
  An orc (D:8)
  A kobold (D:6)
  4 plants
9 creatures vanquished.

Grand Total: 234 creatures vanquished

Notes
Turn   | Place    | Note
-------+----------+-------------------------------------------
     0 | D:1      | Angani the Draconian Necromancer began the quest for the
                  | Orb.
     0 | D:1      | Reached XP level 1. HP: 14/14 MP: 3/3
   171 | D:1      | Reached XP level 2. HP: 15/20 MP: 0/5
   939 | D:2      | Reached XP level 3. HP: 26/26 MP: 0/7
  1008 | D:2      | Learned a level 3 spell: Vampiric Draining
  1012 | D:2      | Learned a level 3 spell: Stone Arrow
  1378 | D:2      | Identified the +0 helmet of the New World {Drain Fly
                  | Slay+5}
  1378 | D:2      | Noticed Robin
  1386 | D:2      | Killed Robin
  1413 | D:2      | Reached XP level 4. HP: 23/33 MP: 0/8
  1438 | D:2      | Reached skill level 1 in Earth Magic
  1552 | D:2      | Reached skill level 1 in Conjurations
  1595 | D:2      | Found a stormy altar of Qazlal.
  2014 | D:2      | Identified the +2 robe of the Slug {rElec rN+ Will- Regen+}
  2042 | D:2      | Identified a scroll of acquirement
  2048 | D:2      | Acquired the ring of the Quahog {+Blink rC+++ rN+ Str+3
                  | Slay-5}
  2114 | D:3      | Noticed Terence
  2270 | D:3      | Noticed Natasha
  2360 | D:3      | Found a sacrificial altar of Ru.
  2439 | D:4      | Noticed a scorpion
  2463 | D:3      | Killed Terence
  2464 | D:3      | Reached XP level 5. HP: 38/38 MP: 3/9
  2527 | D:3      | Reached skill level 5 in Necromancy
  2547 | D:3      | Killed Natasha
  2934 | D:3      | Noticed Natasha
  2941 | D:3      | Killed Natasha
  2941 | D:3      | Noticed Natasha
  2954 | D:3      | Killed Natasha
  3121 | D:3      | Reached XP level 6. HP: 4/45 MP: 11/11
  3285 | D:3      | Found a faded altar of an unknown god.
  3359 | D:3      | Prayed at the altar of an unknown god.
  3359 | D:3      | Became a worshipper of Vehumet
  3359 | D:3      | Reached * piety under Vehumet
  3359 | D:3      | Offered knowledge of Sandblast by Vehumet.
  3961 | D:4      | Your scales start taking on a golden yellow colour.
  3961 | D:4      | Reached XP level 7. HP: 18/50 MP: 0/13
  3961 | D:4      | Gained mutation: You are resistant to acid. (rCorr) [Yellow
                  | Draconian growth]
  4143 | D:4      | Noticed Duvessa
  4143 | D:4      | Noticed Dowan
  4150 | D:4      | Killed Duvessa
  4161 | D:4      | Killed Dowan
  4273 | D:4      | Found a radiant altar of Vehumet.
  4273 | D:4      | Found a bloodstained altar of Trog.
  4300 | D:4      | Found a burning altar of Makhleb.
  4332 | D:4      | Learned a level 4 spell: Animate Dead
  4419 | D:4      | Noticed Grinder
  4422 | D:4      | Paralysed by Grinder for 4 turns
  4432 | D:4      | Killed Grinder
  4820 | D:4      | Reached ** piety under Vehumet
  4820 | D:4      | Offered knowledge of Momentum Strike by Vehumet.
  4864 | D:4      | Identified the +1 leather armour of Discretion {rElec rF+++
                  | Str-2 Int+4}
  5017 | D:5      | Entered Level 5 of the Dungeon
  5081 | D:5      | Noticed Blork the orc
  5086 | D:5      | Killed Blork the orc
  5087 | D:5      | Reached XP level 8. HP: 57/57 MP: 6/15
  5234 | D:5      | Found a stormy altar of Qazlal.
  5308 | D:5      | Found an ancient bone altar of Kikubaaqudgha.
  5336 | D:5      | Reached skill level 5 in Spellcasting
  6209 | D:6      | Reached skill level 5 in Conjurations
  6209 | D:6      | Reached skill level 5 in Earth Magic
  6913 | D:6      | Found a staircase to the Ecumenical Temple.
  7085 | D:6      | Found a hide-covered altar of Uskayaw.
  7093 | D:6      | Offered knowledge of Mephitic Cloud by Vehumet.
  7222 | D:7      | Reached XP level 9. HP: 62/62 MP: 9/18
  7391 | D:7      | Reached *** piety under Vehumet
  8309 | D:8      | Offered knowledge of Flame Wave by Vehumet.
  8537 | D:8      | Learned a level 4 spell: Flame Wave
  8650 | D:8      | Reached skill level 1 in Fire Magic
  9007 | D:8      | Found a basalt altar of Yredelemnul.
  9210 | D:9      | Found an ornate altar of the Wu Jian Council.
  9250 | D:9      | Reached XP level 10. HP: 57/69 MP: 14/21
  9251 | D:9      | Reached **** piety under Vehumet
  9400 | D:9      | Found an opulent altar of Gozag.
  9410 | D:9      | Found a shimmering altar of Xom.
  9411 | D:9      | Found a hazy altar of Hepliaklqana.
  9567 | D:9      | Found a glowing golden altar of the Shining One.
  9615 | D:9      | Found a snail-covered altar of Cheibriados.
  9617 | D:9      | Found a staircase to the Lair.
  9864 | D:10     | Entered Level 10 of the Dungeon
  9865 | D:10     | Found a glowing silver altar of Zin.
  9931 | D:10     | Offered knowledge of Hailstorm by Vehumet.
 10373 | D:10     | Noticed a cyclops
 10391 | D:10     | Killed a cyclops
 10502 | D:10     | Learned a level 5 spell: Freezing Cloud
 11024 | D:11     | Reached skill level 5 in Fire Magic
 11077 | D:11     | Noticed a purple ugly thing
 11082 | D:11     | Mangled by a komodo dragon

Illustrated notes

Levels and vault maps discovered:
D:1:      eino_arrival_water_cross, layout_basic
D:2:      layout_rooms, basic_altar, uniq_robin
D:3:      minmay_roachtagon, layout_basic, amcnicky_altar_gilded,
          nicolae_ecumenical_oubliette, hex_tiny, kennysheep_generic_room_16,
          uniq_terence, uniq_natasha
D:4:      layout_basic, grunt_temple_overflow_open,
          mainiacjoe_overflow_boulevard, grunt_ministairs_5, st_stairs_9,
          grunt_decor_clamped, uniq_duvessa, uniq_grinder
D:5:      layout_rooms, lemuel_doored_altar, lemuel_coloured_pillars_altar,
          minivault_24, uniq_blork_the_orc
D:6:      layout_loops_ring, nicolae_uskayaw_dance_studio,
          minmay_temple_entry_nine_rooms, kennysheep_dice
D:7:      layout_gridville, chequers_decorated_corner, serial_bayou_pond_b,
          corner_web_ring, eino_small_chamber_without_monster,
          grunt_ministairs_14
D:8:      layout_rooms, mainiacjoe_overflow_surrounded_room
D:9:      layout_rooms, regret_index_temple_of_mockery,
          overflow_temple_1_default, mainiacjoe_overflow_brackets,
          mainiacjoe_overflow_catwalk, mainiacjoe_overflow_tiny_flanked,
          dpeg_oklobed_lair
D:10:     layout_basic, mainiacjoe_overflow_concentric_impassable
D:11:     layout_cave_pods, orc_0_dummy, nrook_guardian_serpent_double

Skill      XL: |  1  2  3  4  5  6  7  8  9 10 |
---------------+-------------------------------+-----
Spellcasting   | 3 4 6 7 8 |  8.6
Earth Magic    | 1 2 3 4 5 7 |  7.0
Conjurations   | 1 2 3 4 5 7 8 |  8.8
Necromancy     | 5 6 |  6.3
Fire Magic     | 2 5 |  5.0
Dodging        | |  1.7
Stealth        | |  1.7

Action                     |  1- 3 |  4- 6 |  7- 9 | 10-12 || total
---------------------------+-------+-------+-------+-------++-------
  Melee: Unarmed           |    27 |    20 |       |       ||    47
         Tailslap          |     4 |    11 |     5 |     1 ||    21
         Punch             |     1 |       |       |       ||     1
         Short sword       |       |    72 |       |       ||    72
         Demon trident     |       |     8 |    73 |     6 ||    87
   Cast: Necrotise         |    77 |    61 |    13 |       ||   151
         Stone Arrow       |       |    16 |   126 |    27 ||   169
         Flame Wave        |       |       |     4 |    10 ||    14
Ability: Breathe Acid      |       |       |    11 |     4 ||    15
  Evoke: Wand              |       |     4 |     4 |     2 ||    10
    Use: Scroll            |       |     9 |    13 |     4 ||    26
         Potion            |       |     2 |     2 |       ||     4
   Stab: Sleeping          |       |     1 |     1 |       ||     2
 Armour: Skin              |    16 |   127 |    62 |    10 ||   215
  Dodge: Dodged            |    25 |   164 |    86 |    32 ||   307

Table legend: (Time is in decaauts)
 A = Elapsed time spent in this place.
 B = Non-inter-level travel time spent in this place.
 C = Inter-level travel time spent in this place.
 D = Time resting spent in this place.
 E = Time spent auto-exploring this place.
 F = Levels seen in this place.
 G = Mean time per level.
                   A        B        C        D        E       F      G
               +--------+--------+--------+--------+--------+-----+--------+
         Total |  11125 |  10681 |    444 |   2707 |   6353 |  11 | 1011.4 |
       Dungeon |  11125 |  10681 |    444 |   2707 |   6353 |  11 | 1011.4 |
               +--------+--------+--------+--------+--------+-----+--------+

Top non-repeatable levels by time:
     D:3: 1489 daAuts
     D:4: 1421 daAuts
     D:6: 1351 daAuts
     D:2: 1195 daAuts
    D:10: 1153 daAuts
     D:7: 1128 daAuts
     D:1: 933 daAuts
     D:8: 891 daAuts
     D:5: 822 daAuts
     D:9: 671 daAuts
    D:11: 66 daAuts
